AoeStats
← JaggedJimmyJay

MegaRandom

506330905Analyzed
1v1 RM · 21d ago on Sep 13, 2026· 21m 13s· 2 players
Game mode
Random Map
Map size
Tiny (2 player)
Population
200
Speed
Normal
Resources
Standard
Victory
Conquest
Starting age
Dark Age
Ending age
Imperial Age
RankedLock teamsTeams togetherTeam positionsShared explorationLock speedFull tech treeHidden civsTurbo modeCheats
Victory
Defeat
🇺🇸 Japanese · United States
1032
+15
🇻🇳 Franks · Vietnam
1000
-45
dinhdoan1986
16:12 Loom
18:46 Feudal Age
JaggedJimmyJay
4:35 Loom
11:59 Feudal Age
12:02 Man-at-Arms
14:37 Double-Bit Axe
17:21 Arson
19:18 Town Watch
22:14 Castle Age
20:17 Scale Mail Armor
Connection lost

Rejoining the realm…

Still unreachable

The connection could not be restored.

Session expired

The server has moved on; the page needs a fresh start.